 Dungeon Crawl Stone Soup version 0.28.0-53-g5a82cb258f (webtiles) character file.

Game seed: 3696978006642151974

484 Zeld the Gusty (level 7, 0/36 HPs)
             Began as a Tengu Air Elementalist on May 24, 2022.
             Succumbed to a scorpion's poison
             ... on level 3 of the Dungeon.
             The game lasted 00:04:25 (4755 turns).

Zeld the Gusty (Tengu Air Elementalist)             Turns: 4755, Time: 00:04:25

Health: 0/36       AC:  3    Str:  9    XL:     7   Next: 12%
Magic:  14/14      EV: 15    Int: 17    God:
Gold:   80         SH:  0    Dex: 14    Spells: 4/14 levels left

rFire   . . .      SeeInvis .   (no weapon)
rCold   . . .      Faith    .   (no shield)
rNeg    . . .      Spirit   .   a - +0 robe
rPois   .          Reflect  .   q - +0 hat
rElec   .          Harm     .   o - +0 cloak
rCorr   .          Rampage  .   (no gloves)
Will    .....                   (boots unavailable)
Stlth   ++........              (no amulet)
HPRegen 0.12/turn               c - ring of wizardry
MPRegen 0.14/turn               (no ring)

@: mighty, brilliant, lethally poisoned (0 -> -7), flying quickly and evasively,
quick
A: beak, talons 3, nimble flight
a: no special abilities


You were on level 3 of the Dungeon.
You visited 1 branch of the dungeon, and saw 4 of its levels.

You collected 80 gold pieces.

Inventory:

Armour
 a - a +0 robe (worn)
 o - a +0 cloak (worn)
 q - a +0 hat (worn)
Jewellery
 c - a ring of wizardry (left hand)
Scrolls
 e - 2 scrolls of teleportation {unknown}
 f - a scroll of fog {unknown}
 i - a scroll of acquirement {unknown}
 k - a scroll of magic mapping {unknown}
 n - a scroll of blinking {unknown}
 p - a scroll of amnesia {unknown}
Potions
 d - a potion of degeneration {unknown}
 g - a potion of lignification {unknown}
 h - a potion of heal wounds {unknown}
 j - a potion of ambrosia {unknown}
 l - a potion of might
 m - a potion of magic


   Skills:
 + Level 3.7 Dodging
 - Level 2.0 Stealth
 * Level 4.2 Spellcasting
 + Level 4.0 Conjurations
 * Level 6.7 Air Magic


You had 4 spell levels left.
You knew the following spells:

 Your Spells              Type           Power      Damage    Failure   Level
a - Shock                 Conj/Air       100%       1d9       1%          1
b - Static Discharge      Conj/Air       33%        N/A       1%          2
c - Swiftness             Air            40%        N/A       1%          3
d - Airstrike             Air            20%        N/A       4%          4

Your spell library contained the following spells:

 Spells                   Type           Power      Damage    Failure   Level
 Slow                     Hex            20%        N/A       6%          1
 Confusing Touch          Hex            5%         N/A       19%         3
 Vampiric Draining        Necr           5%         2d6       19%         3


Dungeon Overview and Level Annotations

Branches:
Dungeon (4/15)
 Temple: D:4-7

Altars:
Fedhas
Zin


Innate Abilities, Weirdness & Mutations

You have a beak for a mouth.
You have claws for feet.
Your magical nature lets you fly swiftly and evasively.


Message History

You kill the goblin!
The goblin is struck by an arc of lightning!
You kill the goblin!
The hobgoblin is struck by an arc of lightning.
You kill the hobgoblin!
The lightning grounds out.
The scorpion is struck by an arc of lightning.
The scorpion is lightly wounded.
The lightning grounds out.
The scorpion stings you but does no damage.
Casting: Static Discharge (safe; 1% risk of failure)
Confirm with . or Enter, or press ? or * to list all spells.
The scorpion is struck by an arc of lightning.
The scorpion is moderately wounded.
You are struck by an arc of lightning.
The lightning grounds out.
The scorpion stings you. x2
* * * LOW HITPOINT WARNING * * *
You are lethally poisoned!
The scorpion poisons you!
Unknown command.
Casting: Static Discharge (safe; 1% risk of failure)
Confirm with . or Enter, or press ? or * to list all spells.
The scorpion is struck by an arc of lightning.
The scorpion is severely wounded.
The lightning grounds out.
* * * LOW HITPOINT WARNING * * *
You feel very sick. The scorpion misses you.
It was a potion of might.
You feel very mighty all of a sudden.
* * * LOW HITPOINT WARNING * * *
You feel sick. The scorpion barely misses you.
Unknown command.
It was a potion of magic.
Magic courses through your body.
* * * LOW HITPOINT WARNING * * *
You feel sick. The scorpion misses you.
Unknown command.
It was a potion of brilliance.
You feel clever all of a sudden.
You die...

## #.# #.#...#####.....P.)#.#
.#### #.# #.#....#..'.).........
....####.# #.#....#..#..####..#.#
.##...##.# #.#....#'##..').#..#.#
.####....###.#....#..#..#).#..#.#
.######...##.#....#..#..####..#.#
.......#.....#....####........#..
.......#.##...<.))............#..
#......#....)...@s............#..
#......#####.....รท........#####..
#......###########..#####...)....
#............# #..# #........
#(...........# #..# #........
#............# #..# #.#####..
.............#####..#####.# #..
..........................# #..
...........#######..####### #..


You could see a scorpion.

Vanquished Creatures
  An ice beast (D:3)
  A necrophage (D:3)
  2 hounds (D:3)
  2 orc priests (D:3)
  2 orc wizards (D:3)
  Robin (D:3)
  2 adders
  3 worms (D:2)
  3 dart slugs
  8 orcs (D:3)
  2 endoplasms
  3 giant cockroaches
  12 goblins
  16 hobgoblins
  A quokka (D:3)
  6 ball pythons
  4 bats
  3 frilled lizards
  6 kobolds
  3 rats
81 creatures vanquished.

Vanquished Creatures (others)
  4 plants (D:3)
4 creatures vanquished.

Grand Total: 85 creatures vanquished

Notes
Turn   | Place    | Note
-------+----------+-------------------------------------------
     0 | D:1      | Zeld the Tengu Air Elementalist began the quest for the
                  | Orb.
     0 | D:1      | Reached XP level 1. HP: 10/10 MP: 4/4
   219 | D:1      | Reached XP level 2. HP: 11/15 MP: 0/6
   508 | D:1      | You fall into a shaft and drop 1 floor!
   637 | D:1      | Learned a level 2 spell: Static Discharge
  1125 | D:2      | Reached XP level 3. HP: 19/19 MP: 2/7
  1259 | D:2      | Found a faded altar of an unknown god.
  2221 | D:2      | Reached XP level 4. HP: 14/24 MP: 4/9
  2486 | D:3      | Reached skill level 5 in Air Magic
  2887 | D:3      | Found a glowing silver altar of Zin.
  3176 | D:3      | Noticed an ice beast
  3222 | D:3      | Killed an ice beast
  3223 | D:3      | Gained mutation: Your magical nature lets you fly swiftly
                  | and evasively. [Tengu growth]
  3223 | D:3      | Reached XP level 5. HP: 27/28 MP: 0/11
  3227 | D:3      | Learned a level 3 spell: Swiftness
  3232 | D:3      | Learned a level 4 spell: Airstrike
  3318 | D:3      | Found a blossoming altar of Fedhas.
  3404 | D:3      | Noticed a necrophage
  3411 | D:3      | Killed a necrophage
  3412 | D:3      | Reached skill level 6 in Air Magic
  3412 | D:3      | Reached XP level 6. HP: 16/32 MP: 1/12
  4312 | D:3      | Reached XP level 7. HP: 34/36 MP: 7/14
  4512 | D:4      | Noticed Robin
  4520 | D:3      | Killed Robin
  4755 | D:3      | Succumbed to a scorpion's poison

Illustrated notes

Levels and vault maps discovered:
D:1:      amcnicky_arrival_blooded_trapdoor, layout_loops_ring
D:2:      layout_rooms, ebering_ecumenical_altar_ruins, hangedman_decor_lopped,
          nrook_uturn
D:3:      corexii_shack_village, layout_basic,
          mainiacjoe_overflow_cross_hatched, fedhas_altar_1
D:4:      layout_cave_pools, minmay_temple_entry_mini_moons,
          kennysheep_generic_room_11, uniq_robin

Skill      XL: |  1  2  3  4  5  6 |
---------------+-------------------+-----
Conjurations   | 2 3 4 |  4.0
Spellcasting   | 3 4 |  4.2
Air Magic      | 5 6 |  6.7
Dodging        | 3 |  3.7
Stealth        | |  2.0

Action                   |  1- 3 |  4- 6 |  7- 9 || total
-------------------------+-------+-------+-------++-------
Melee: Unarmed           |    17 |    20 |       ||    37
       Kick              |     7 |     4 |       ||    11
       Peck              |     2 |     6 |       ||     8
 Cast: Shock             |    53 |    21 |     1 ||    75
       Static Discharge  |    17 |    36 |     9 ||    62
  Use: Potion            |       |       |     3 ||     3
 Stab: Sleeping          |       |     2 |       ||     2
Armor: Robe              |     5 |    13 |     2 ||    20
Dodge: Dodged            |    17 |    33 |    22 ||    72
